 Dungeon Crawl Stone Soup version 0.30-a0-250-g41c1d76940 (webtiles) character file.

Game seed: 16248461860952785028

32 sleeves the Vexing (level 3, 0/27 HPs)
             Began as an Armataur Enchanter on Oct 12, 2022.
             Slain by a bat (1 damage)
             ... on level 2 of the Dungeon.
             The game lasted 00:00:47 (214 turns).

sleeves the Vexing (Armataur Enchanter)              Turns: 214, Time: 00:00:48

Health: 0/27       AC:  4    Str: 13    XL:     3   Next: 10%
Magic:  5/5        EV:  9    Int: 17    God:
Gold:   0          SH:  0    Dex: 10    Spells: 5/5 levels left

rFire   . . .      SeeInvis .    e - +2 dagger (venom)
rCold   . . .      Faith    .    (no shield)
rNeg    . . .      Spirit   .    b - +0 robe
rPois   .          Reflect  .    (no helmet)
rElec   .          Harm     .    (no cloak)
rCorr   .          Roll     +    (no gloves)
Will    .....                    (no barding)
Stlth   ++........               (no amulet)
HPRegen 0.24/turn                (no ring)
MPRegen 0.09/turn                (no ring)

@: lethally poisoned (0 -> -1)
A: large, rugged brown scales 3, deformed body, armoured tail, roll, long
tongue, awkward tongue
a: no special abilities


You were on level 2 of the Dungeon.
You visited 1 branch of the dungeon, and saw 2 of its levels.

Inventory:

Hand Weapons
 a - a +1 dagger
 e - a +2 dagger of venom (weapon)
   (You took it off Jessica on level 2 of the Dungeon)
Armour
 b - a +0 robe (worn)
Scrolls
 d - a scroll of identify {unknown}
Potions
 c - a potion of invisibility


   Skills:
 + Level 2.0 Short Blades
 - Level 1.3 Dodging
 - Level 3.2 Stealth
 - Level 1.7 Spellcasting
 + Level 3.3 Hexes


You had 5 spell levels left.
You didn't know any spells.
Your spell library contained the following spells:

 Spells                   Type           Power      Damage    Failure   Level
 Ensorcelled Hibernation  Hex/Ice        14%        N/A       16%         2
 Confusing Touch          Hex            12%        N/A       16%         3
 Tukima's Dance           Hex            12%        N/A       16%         3
 Dazzling Flash           Conj/Hex       14%        N/A       30%         3


Dungeon Overview and Level Annotations

Branches:
Dungeon (2/15)

Altars:


Innate Abilities, Weirdness & Mutations

You are completely covered in rugged brown scales. (AC +3, +7% HP)
Armour fits poorly on your strangely shaped body.
You have a long armoured tail.
You roll when moving toward enemies. (Rampage)
Your long tongue fully drains potion bottles. (2x potion effects)
Your tongue gives you trouble enunciating. (1.5x scroll delay)


Message History

Welcome, sleeves the Armataur Enchanter.
Below lies the Orb of Zot, rumoured to be powerful enough to resurrect a god...
Press ? for a list of commands and other information.
Found a staircase leading out of the dungeon.
You don't know any spells.
Okay, then.
You open the door.
There is an open door here.
Found a stone staircase leading down.
A quokka comes into view.
A quokka is nearby!
A frilled lizard comes into view.
Found a leather armour.
The frilled lizard hisses angrily.
Found a club.
A giant cockroach comes into view.
The quokka closely misses you. The quokka attacks as you move away!
The quokka closely misses you.
You barely miss the quokka.
The quokka bites you but does no damage.
You barely miss the quokka. The quokka barely misses you.
You barely miss the quokka. The quokka completely misses you.
You hit the quokka.
You kill the quokka!
Your Short Blades skill increases to level 1!
You hit the frilled lizard.
You kill the frilled lizard!
No target in view!
No target in view!
No target in view!
No target in view!
No target in view!
No target in view!
No target in view!
No target in view!
No target in view!
No target in view!
No target in view!
No target in view!
No target in view!
You see here a quokka corpse.
A giant cockroach is nearby!
A giant cockroach is nearby!
You roll towards the giant cockroach!
You catch the helpless giant cockroach completely off-guard!
You puncture the giant cockroach!
You kill the giant cockroach!
No target in view!
No target in view!
No target in view!
d - a scroll labelled BIWNIKHLULOJ You open the door.
There is an open door here.
A kobold comes into view. It is wielding a +0 whip.
The kobold shouts!
The kobold throws a stone.
The stone closely misses you.
A kobold is nearby!
A goblin comes into view. It is wielding a +0 dagger.
The kobold throws a stone.
The stone hits you but does no damage.
The goblin shouts!
The kobold throws a stone.
The stone barely misses you.
You roll towards the goblin!
You hit the goblin.
Your tail-slap misses the goblin.
The goblin is heavily wounded.
The goblin barely misses you.
You hit the goblin.
You kill the goblin!
You hit the kobold but do no damage. The kobold hits you but does no damage.
You hit the kobold but do no damage.
You tail-slap the kobold, but do no damage.
The kobold hits you with a +0 whip.
You miss the kobold. The kobold hits you with a +0 whip.
You barely miss the kobold. The kobold closely misses you.
You closely miss the kobold. The kobold hits you with a +0 whip.
You hit the kobold but do no damage. The kobold hits you with a +0 whip.
You are too injured to fight recklessly!
You are too injured to fight recklessly!
A kobold is nearby!
You are too injured to fight recklessly!
You are too injured to fight recklessly!
You are too injured to fight recklessly!
You are too injured to fight recklessly!
You are too injured to fight recklessly!
You hit the kobold.
You kill the kobold!
Items here: ( )) ††.
HP restored.
You open the large door.
A rat comes into view.
There is a large open door here.
A rat is nearby!
A rat is nearby!
A goblin comes into view. It is wielding a +0 dagger.
A sourceless malevolence fills the Dungeon...
You fall into a shaft and drop 1 floor!
The shaft crumbles and collapses.
Jessica the Apprentice Sorceress comes into view.
She is wielding a +2 dagger of venom.
Jessica is nearby!
Jessica is nearby!
You don't know any spells.
You fade into invisibility!
Jessica looks very angry.
You hit Jessica.
Your tail-slap misses Jessica.
Jessica is heavily wounded.
You hit Jessica.
Jessica is severely wounded.
Jessica barely misses you.
You closely miss Jessica.
Jessica is heavily wounded.
Jessica hits you with a +2 dagger of venom.
You are poisoned.
You barely miss Jessica.
Your tail-slap misses Jessica.
Jessica is heavily wounded.
You feel sick.
Jessica shouts, "You're disturbing me!
I'll have to kill you!"
Jessica gestures wildly while chanting.
Jessica blinks!
You hit Jessica. You tail-slap Jessica.
Jessica is severely wounded.
You feel sick.
Jessica mumbles some strange words.
Jessica blinks!
You feel sick.
You hit Jessica.
Jessica is almost dead.
You feel sick. Jessica closely misses you.
You hit Jessica but do no damage.
Jessica is almost dead.
You feel sick. Jessica barely misses you.
You barely miss Jessica.
Jessica is almost dead.
You feel sick. Jessica barely misses you.
You hit Jessica.
You kill Jessica!
Your Short Blades skill increases to level 2!
Your Hexes skill increases to level 3!
You have reached level 2!
You have reached level 3!
Your experience leads to an increase in your attributes!
Increase (S)trength, (I)ntelligence, or (D)exterity?
You feel clever. x2
You feel sick.
You are no longer poisoned.
Things that are here:
a +2 dagger of venom; a +0 robe
e - a +2 dagger of venom Your +2 dagger of venom begins to drip with poison!
e - a +2 dagger of venom (weapon)
You flicker for a moment.
You flicker back into view.
HP restored.
An endoplasm comes into view.
An endoplasm is nearby!
An endoplasm is nearby!
An endoplasm is nearby!
The helpless endoplasm fails to defend itself.
You puncture the endoplasm!
You kill the endoplasm!
No target in view!
No target in view!
No target in view!
No target in view!
No target in view!
You open the door.
There is an open door here.
A kobold comes into view.
It is wielding a +1 short sword of venom.
A kobold is nearby!
A kobold is nearby!
You roll towards the kobold! 2 jackals come into view.
Found a stone staircase leading up.
A jackal comes into view.
You roll towards the kobold!
Found a leather armour.
The jackal barks! x2; The kobold shouts!
You hear a bark!
The kobold barely misses you.
A jackal comes into view.
The jackal barks!
You closely miss the kobold.
The kobold hits you with a +1 short sword of venom.
You are poisoned.
The jackal closely misses you.
You closely miss the kobold.
You feel very sick.
A bat comes into view.
The kobold hits you with a +1 short sword of venom.
You miss the bat.
You feel sick. The bat hits you but does no damage.
The jackal barely misses you. The jackal bites you.
The kobold hits you with a +1 short sword of venom.
* * * LOW HITPOINT WARNING * * *
The bat hits you but does no damage. The jackal barely misses you.
The jackal bites you.
* * * LOW HITPOINT WARNING * * *
You feel sick. The bat hits you but does no damage.
The bat attacks as you move away! The bat hits you but does no damage.
You feel sick. The bat hits you but does no damage.
You feel sick. The bat barely misses you. The bat attacks as you move away!
The bat barely misses you. The jackal attacks as you move away!
The jackal bites you but does no damage.
You feel sick. The bat barely misses you. The jackal attacks as you move away!
The jackal bites you but does no damage.
You feel sick. The jackal bites you.
* * * LOW HITPOINT WARNING * * *
The jackal attacks as you move away! The jackal bites you.
* * * LOW HITPOINT WARNING * * *
x2 You feel sick.
The bat hits you.
You die...

#.# #### # #.# #.. .#
##.###.#####.#
#####..##........# #
.......##..##.......
#.....hK....#.<#
#....h........#
##.bh##h#........ #.
##@###.........[ ..
#.# ###........ .####
#.# #........ ...##
##'## #........ ...
##...## #........
####.#
##.....###........
##.##.###.......##
#..#
#####................#
.......[.............+


You could see 3 jackals, a bat and a kobold.

Vanquished Creatures
  Jessica (D:2)
  An endoplasm (D:2)
  A giant cockroach (D:1)
  A goblin (D:1)
  A quokka (D:1)
  A frilled lizard (D:1)
  A kobold (D:1)
7 creatures vanquished.

Notes
Turn   | Place    | Note
-------+----------+-------------------------------------------
     0 | D:1      | sleeves the Armataur Enchanter began the quest for the Orb.
     0 | D:1      | Reached XP level 1. HP: 14/14 MP: 3/3
    42 | D:1      | Reached skill level 1 in Short Blades
    95 | D:1      | You fall into a shaft and drop 1 floor!
    96 | D:2      | Noticed Jessica
   103 | D:2      | HP: 7/14 [poisoned by Jessica]
   107 | D:2      | Killed Jessica
   108 | D:2      | Reached skill level 2 in Short Blades
   108 | D:2      | Reached skill level 3 in Hexes
   108 | D:2      | Reached XP level 2. HP: 8/21 MP: 4/4
   108 | D:2      | Reached XP level 3. HP: 10/27 MP: 5/5
   108 | D:2      | HP: 9/27 [poisoned by Jessica]
   208 | D:2      | HP: 12/27 [kobold/+1 short sword of venom (5)]
   213 | D:2      | HP: 5/27 [poisoned by a kobold]
   214 | D:2      | HP: 2/27 [jackal (2)]
   214 | D:2      | Slain by a bat

Illustrated notes

Levels and vault maps discovered:
D:1:      spicycebolla_green_bress_n_ham, layout_basic,
          shapermc_ecumenical_altar_hornbeckon, minmay_hedge_maze
D:2:      layout_loops_corners, uniq_jessica

Skill      XL: |  1 |
---------------+----+-----
Short Blades   | 2 |  2.0
Hexes          | 3 |  3.3
Dodging        | |  1.3
Stealth        | |  3.2
Spellcasting   | |  1.7

Action                   || total
-------------------------++-------
Melee: Dagger            ||    28
       Tailslap          ||     2
  Use: Potion            ||     1
 Stab: Distracted        ||     1
       Sleeping          ||     1
Armor: Robe              ||    10
Dodge: Dodged            ||    19

Table legend: (Time is in decaauts)
 A = Elapsed time spent in this place.
 B = Non-inter-level travel time spent in this place.
 C = Inter-level travel time spent in this place.
 D = Time resting spent in this place.
 E = Time spent auto-exploring this place.
 F = Levels seen in this place.
 G = Mean time per level.
                   A        B        C        D        E       F      G
               +--------+--------+--------+--------+--------+-----+--------+
         Total |    211 |    211 |      0 |      0 |    139 |   2 |  105.5 |
       Dungeon |    211 |    211 |      0 |      0 |    139 |   2 |  105.5 |
               +--------+--------+--------+--------+--------+-----+--------+

Top non-repeatable levels by time:
     D:2: 117 daAuts
     D:1: 94 daAuts
